Map: Nightshade LE

Players

Kaiman - Winner!

  • Race: Zerg Zerg
  • League: Master
  • Spawn Location: 5:00

PAPADOPOULOS

  • Race: Zerg Zerg
  • League: Diamond
  • Spawn Location: 11:00

VOD

Have the link to the VOD?

Description

Time

  • Played on: March 22, 2020, 6:16 a.m.
  • Length: 3:39
Show
View Real Time Build Order
Export as new Build Order

Kaiman Zerg - Winner!

Build Orders: Pool First 

Get SALT Encoding   

  12  0:02  Drone  
  13  0:12  Overlord  
  13  0:16  Drone  
  14  0:31  Drone x2  
  14  0:35  Drone, Extractor  
  16  0:48  Spawning Pool  
  16  0:50  Drone  
  16  0:56  Drone  
  17  1:18  Hatchery  
  16  1:35  Zergling x6  
  16  1:39  Metabolic Boost  
  19  1:47  Queen  
  21  2:00  Baneling Nest  
  20  2:02  Zergling x2  
  20  2:08  Overlord  
  21  2:14  Zergling x2  
  22  2:32  Zergling x6  
  25  2:43  Zergling x4  
  27  2:47  Baneling x3  
  27  2:54  Baneling  
  27  2:55  Zergling x4  
  29  3:00  Zergling x2  
  29  3:01  Zergling x4  
  32  3:06  Zergling x2  
  32  3:12  Zergling x2  
  34  3:16  Zergling x4  
Show
View Real Time Build Order
Export as new Build Order

PAPADOPOULOS Zerg 

Build Orders: Hatch First 

Get SALT Encoding   

  12  0:01  Drone  
  13  0:12  Overlord  
  13  0:17  Drone  
  14  0:30  Drone x2  
  16  0:50  Hatchery  
  16  0:53  Drone  
  16  0:57  Drone  
  17  1:00  Drone  
  18  1:13  Extractor  
  18  1:16  Spawning Pool  
  16  1:19  Drone  
  16  1:23  Drone  
  18  1:28  Drone  
  19  1:39  Drone  
  20  2:02  Queen x2  
  20  2:06  Zergling x6  
  27  2:11  Spine Crawler  
  26  2:28  Drone x2  
  29  2:37  Overlord  
  29  2:51  Overlord  
  29  2:58  Drone x4  
  33  3:06  Roach Warren  
  33  3:08  Drone  
  33  3:10  Evolution Chamber  
  33  3:11  Drone x2  
  34  3:16  Drone x2  
  36  3:21  Drone x2  
  36  3:24  Extractor  
  36  3:26  Extractor  
Tags
 
Add a new tag
Caveats
  • Supply blocks, unpowered buildings, or Contaminate may cause inaccurate times.
  • Supply counts are checked every 10 seconds.